[ PARTIDA AOE2 · #506165790 ]
UnrankedJemeres vs Franks
Equipo del jugador · VICT
Equipo rival · DERR
[ ANÁLISIS DE REPETICIÓN · EXTRAÍDO DE LA PARTIDA GRABADA ]
Feudal
14:21
Castillos
18:17
Imperial
—
| APM promedio | 31.0 |
| APM pico | 65 |
| eAPM promedio | 17.4 |
| Aldeanos / militares | 65 / 37 |
Foco
⚔️ 23.1% · 🌾 76.9%
Knight ×20 · Spearman ×10 · Scorpion ×5 · Scout Cavalry ×2
Feudal
14:55
Castillos
19:17
Imperial
—
| APM promedio | 53.5 |
| APM pico | 87 |
| eAPM promedio | 26.1 |
| Aldeanos / militares | 138 / 50 |
Foco
⚔️ 28.4% · 🌾 71.6%
Spearman ×24 · Knight ×19 · Militia ×5 · Fishing Ship ×3 · Monk ×2
Mapa de la partida
Recursos iniciales + cada clic de construcción. Líneas = muros · curvas = relieve. ◆ oro · ⬟ piedra · ● bayas · ✦ reliquia · ◌ hueco del cierre
Tu base· Abierta — flanco sin cerrar
Base de yanglegeyang· ✓ Cerrada en 19:17 · 58t muro · 1 puerta(s)
Terreno inicial suavizado · ◌ = hueco del cierre detectado · pasá el cursor para detalles
Inputs por minuto
— [Telo] ~ Shelo the murder - - yanglegeyang
Build order — [Telo] ~ Shelo the murder
Primeras 150 de 152 acciones detectadas
| 0:04 | Investigar | Loom |
| 0:04 | Encolar | Villager (Male) |
| 0:04 | Encolar | Villager (Male) |
| 0:04 | Encolar | Villager (Male) |
| 0:04 | Encolar | Villager (Male) |
| 0:04 | Encolar | Villager (Male) |
| 0:07 | Construir | House |
| 0:09 | Construir | House |
| 1:43 | Encolar | Villager (Male) |
| 1:43 | Encolar | Villager (Male) |
| 2:36 | Encolar | Villager (Male) |
| 2:47 | Encolar | Villager (Male) |
| 2:48 | Encolar | Villager (Male) |
| 2:48 | Encolar | Villager (Male) |
| 3:19 | Encolar | Villager (Male) |
| 3:19 | Encolar | Villager (Male) |
| 3:19 | Encolar | Villager (Male) |
| 3:51 | Encolar | Villager (Male) |
| 3:51 | Encolar | Villager (Male) |
| 3:54 | Construir | House |
| 3:55 | Construir | House |
| 4:03 | Encolar | Villager (Male) |
| 4:03 | Encolar | Villager (Male) |
| 4:03 | Encolar | Villager (Male) |
| 4:35 | Encolar | Villager (Male) |
| 4:35 | Encolar | Villager (Male) |
| 5:24 | Encolar | Villager (Male) |
| 5:24 | Encolar | Villager (Male) |
| 5:24 | Encolar | Villager (Male) |
| 5:32 | Construir | Mill |
| 5:55 | Encolar | Villager (Male) |
| 6:26 | Encolar | Villager (Male) |
| 6:26 | Encolar | Villager (Male) |
| 6:44 | Construir | Lumber Camp |
| 7:35 | Encolar | Villager (Male) |
| 7:46 | Encolar | Villager (Male) |
| 7:47 | Encolar | Villager (Male) |
| 7:47 | Encolar | Villager (Male) |
| 8:24 | Encolar | Villager (Male) |
| 8:24 | Encolar | Villager (Male) |
| 8:36 | Encolar | Villager (Male) |
| 8:50 | Construir | Palisade Wall |
| 9:09 | Encolar | Villager (Male) |
| 10:04 | Encolar | Villager (Male) |
| 10:17 | Construir | Mill |
| 10:31 | Construir | Farm |
| 10:32 | Construir | Farm |
| 10:33 | Construir | Farm |
| 10:34 | Construir | Farm |
| 10:37 | Construir | Farm |
| 10:49 | Construir | House |
| 10:50 | Construir | House |
| 11:28 | Construir | House |
| 11:33 | Investigar | Feudal Age |
| 13:12 | Construir | House |
| 13:45 | Construir | Palisade Wall |
| 13:48 | Encolar | Villager (Male) |
| 13:48 | Encolar | Villager (Male) |
| 14:21 | Edad | Edad Feudal |
| 14:26 | Construir | Stable |
| 14:29 | Construir | Stable |
| 14:34 | Encolar | Villager (Male) |
| 15:33 | Investigar | Castle Age |
| 15:36 | Construir | Mining Camp |
| 15:45 | Construir | Palisade Wall |
| 15:57 | Encolar | Spearman |
| 15:57 | Encolar | Spearman |
| 17:30 | Construir | Farm |
| 17:39 | Construir | House |
| 17:44 | Construir | Palisade Wall |
| 17:44 | Investigar | Horse Collar |
| 17:51 | Encolar | Spearman |
| 18:08 | Construir | Mill |
| 18:17 | Edad | Edad de los Castillos |
| 18:19 | Encolar | Knight ×5 |
| 18:20 | Encolar | Knight ×5 |
| 18:32 | Construir | Farm |
| 18:47 | Construir | House |
| 18:53 | Encolar | Villager (Male) |
| 18:59 | Construir | Farm |
| 19:06 | Encolar | Knight |
| 19:06 | Encolar | Knight |
| 20:18 | Encolar | Scout Cavalry |
| 20:18 | Encolar | Scout Cavalry |
| 20:41 | Construir | Town Center |
| 22:01 | Encolar | Knight |
| 22:01 | Encolar | Knight |
| 22:03 | Encolar | Villager (Male) |
| 22:04 | Encolar | Villager (Male) |
| 22:11 | Encolar | Spearman |
| 22:11 | Encolar | Spearman |
| 22:31 | Encolar | Villager (Male) |
| 23:06 | Investigar | Pikeman (upgrade) |
| 23:11 | Encolar | Villager (Male) |
| 23:11 | Encolar | Villager (Male) |
| 23:28 | Encolar | Villager (Male) |
| 23:33 | Encolar | Knight ×2 |
| 23:47 | Construir | Farm |
| 24:00 | Encolar | Villager (Male) |
| 24:04 | Encolar | Spearman |
| 24:04 | Encolar | Spearman |
| 24:13 | Encolar | Knight |
| 24:13 | Encolar | Knight |
| 24:42 | Encolar | Knight |
| 24:42 | Encolar | Knight |
| 24:51 | Encolar | Villager (Male) |
| 24:51 | Encolar | Villager (Male) |
| 24:54 | Construir | Farm |
| 24:57 | Construir | Farm |
| 25:43 | Investigar | Husbandry |
| 25:50 | Investigar | Bloodlines |
| 25:56 | Construir | House |
| 25:58 | Construir | House |
| 26:00 | Construir | House |
| 26:00 | Construir | House |
| 26:48 | Construir | Siege Workshop |
| 26:52 | Construir | Blacksmith |
| 26:56 | Encolar | Villager (Male) |
| 27:03 | Construir | House |
| 27:05 | Construir | House |
| 27:07 | Encolar | Spearman |
| 27:08 | Encolar | Spearman |
| 27:40 | Encolar | Villager (Male) |
| 27:41 | Encolar | Villager (Male) |
| 27:49 | Encolar | Spearman |
| 27:54 | Encolar | Villager (Male) |
| 28:12 | Encolar | Villager (Male) |
| 29:15 | Encolar | Villager (Male) |
| 29:18 | Encolar | Scorpion |
| 29:18 | Encolar | Scorpion |
| 29:22 | Construir | Market |
| 29:35 | Encolar | Villager (Male) |
| 29:36 | Investigar | Double-Bit Axe |
| 29:46 | Investigar | Fletching |
| 29:50 | Investigar | Forging |
| 29:53 | Encolar | Scorpion |
| 29:53 | Encolar | Scorpion |
| 30:03 | Encolar | Villager (Male) |
| 30:03 | Encolar | Villager (Male) |
| 30:03 | Encolar | Villager (Male) |
| 30:04 | Encolar | Villager (Male) |
| 30:12 | Construir | University |
| 30:33 | Encolar | Villager (Male) |
| 30:33 | Encolar | Villager (Male) |
| 31:55 | Encolar | Scorpion |
| 32:18 | Encolar | Villager (Male) |
| 32:18 | Encolar | Villager (Male) |
| 32:36 | Construir | House |
| 32:37 | Construir | House |
| 33:18 | Construir | Stone Wall |
Build order — yanglegeyang
Primeras 150 de 288 acciones detectadas
| 0:00 | Encolar | Villager (Male) |
| 0:00 | Encolar | Villager (Male) |
| 0:03 | Construir | House |
| 0:05 | Construir | House |
| 0:05 | Encolar | Villager (Male) |
| 0:28 | Encolar | Villager (Male) |
| 0:28 | Encolar | Villager (Male) |
| 1:38 | Encolar | Villager (Male) |
| 1:38 | Encolar | Villager (Male) |
| 1:55 | Encolar | Villager (Male) |
| 1:56 | Encolar | Villager (Male) |
| 2:27 | Encolar | Villager (Male) |
| 2:43 | Encolar | Militia |
| 2:43 | Encolar | Militia |
| 2:53 | Construir | Mining Camp |
| 2:55 | Construir | House |
| 3:09 | Encolar | Villager (Male) |
| 3:10 | Encolar | Villager (Male) |
| 3:24 | Investigar | Loom |
| 3:36 | Encolar | Villager (Male) |
| 3:54 | Encolar | Militia |
| 4:01 | Encolar | Villager (Male) |
| 4:01 | Encolar | Villager (Male) |
| 4:27 | Encolar | Villager (Male) |
| 4:28 | Encolar | Villager (Male) |
| 5:03 | Encolar | Villager (Male) |
| 5:03 | Encolar | Villager (Male) |
| 5:10 | Construir | Lumber Camp |
| 5:15 | Encolar | Villager (Male) |
| 5:43 | Encolar | Villager (Male) |
| 5:44 | Encolar | Villager (Male) |
| 6:21 | Encolar | Villager (Male) |
| 6:21 | Encolar | Villager (Male) |
| 6:31 | Construir | House |
| 6:45 | Encolar | Villager (Male) |
| 6:46 | Encolar | Villager (Male) |
| 7:07 | Construir | House |
| 7:30 | Encolar | Villager (Male) |
| 7:33 | Construir | House |
| 7:42 | Encolar | Villager (Male) |
| 8:18 | Encolar | Villager (Male) |
| 8:27 | Construir | Mill |
| 8:49 | Construir | Palisade Wall |
| 8:51 | Encolar | Villager (Male) |
| 8:51 | Encolar | Villager (Male) |
| 9:00 | Construir | Farm |
| 9:01 | Construir | Farm |
| 9:04 | Construir | Farm |
| 9:06 | Encolar | Militia |
| 9:06 | Encolar | Militia |
| 9:28 | Construir | Farm |
| 9:28 | Encolar | Villager (Male) |
| 9:28 | Encolar | Villager (Male) |
| 10:10 | Construir | Palisade Wall |
| 10:10 | Construir | Palisade Wall |
| 10:11 | Construir | Palisade Wall |
| 10:11 | Construir | Palisade Wall |
| 10:12 | Construir | Palisade Wall |
| 10:12 | Construir | Palisade Wall |
| 10:19 | Construir | Palisade Wall |
| 10:21 | Construir | Palisade Wall |
| 10:30 | Encolar | Villager (Male) |
| 10:31 | Encolar | Villager (Male) |
| 10:32 | Encolar | Villager (Male) |
| 10:32 | Encolar | Villager (Male) |
| 10:32 | Encolar | Villager (Male) |
| 10:43 | Construir | Farm |
| 10:44 | Construir | Farm |
| 10:46 | Construir | Farm |
| 10:49 | Construir | Farm |
| 11:34 | Encolar | Villager (Male) |
| 11:34 | Encolar | Villager (Male) |
| 11:34 | Encolar | Villager (Male) |
| 11:35 | Encolar | Villager (Male) |
| 11:35 | Encolar | Villager (Male) |
| 11:40 | Construir | Farm |
| 11:46 | Construir | Farm |
| 11:46 | Encolar | Villager (Male) |
| 11:47 | Encolar | Villager (Male) |
| 11:50 | Construir | Farm |
| 12:04 | Construir | House |
| 12:05 | Encolar | Villager (Male) |
| 12:06 | Encolar | Villager (Male) |
| 12:06 | Encolar | Villager (Male) |
| 12:22 | Construir | Farm |
| 12:23 | Encolar | Villager (Male) |
| 12:23 | Encolar | Villager (Male) |
| 12:23 | Encolar | Villager (Male) |
| 12:24 | Encolar | Villager (Male) |
| 12:24 | Encolar | Villager (Male) |
| 12:24 | Encolar | Villager (Male) |
| 12:25 | Encolar | Villager (Male) |
| 12:45 | Investigar | Feudal Age |
| 12:48 | Encolar | Villager (Male) |
| 12:48 | Encolar | Villager (Male) |
| 12:55 | Encolar | Villager (Male) |
| 12:56 | Encolar | Villager (Male) |
| 13:02 | Construir | House |
| 13:13 | Construir | Palisade Wall |
| 13:17 | Construir | Palisade Wall |
| 13:19 | Construir | Palisade Wall |
| 13:21 | Encolar | Villager (Male) |
| 13:30 | Construir | Palisade Wall |
| 13:31 | Construir | Palisade Wall |
| 13:33 | Encolar | Villager (Male) |
| 13:34 | Encolar | Villager (Male) |
| 13:40 | Construir | Dock |
| 13:55 | Construir | Dock |
| 13:58 | Encolar | Villager (Male) |
| 13:59 | Encolar | Villager (Male) |
| 13:59 | Encolar | Villager (Male) |
| 14:00 | Encolar | Villager (Male) |
| 14:00 | Encolar | Villager (Male) |
| 14:16 | Construir | Palisade Wall |
| 14:19 | Construir | Palisade Wall |
| 14:21 | Encolar | Villager (Male) |
| 14:24 | Encolar | Villager (Male) |
| 14:24 | Encolar | Villager (Male) |
| 14:34 | Construir | Palisade Gate |
| 14:42 | Encolar | Villager (Male) |
| 14:42 | Encolar | Villager (Male) |
| 14:42 | Encolar | Villager (Male) |
| 14:55 | Edad | Edad Feudal |
| 15:01 | Construir | Blacksmith |
| 15:16 | Encolar | Villager (Male) |
| 15:24 | Encolar | Villager (Male) |
| 15:32 | Construir | Stable |
| 15:37 | Construir | Palisade Wall |
| 15:38 | Construir | Palisade Wall |
| 15:38 | Construir | Palisade Wall |
| 15:50 | Encolar | Fishing Ship |
| 15:50 | Encolar | Fishing Ship |
| 15:54 | Encolar | Villager (Male) |
| 15:54 | Encolar | Villager (Male) |
| 15:58 | Construir | House |
| 16:11 | Investigar | Scale Barding Armor |
| 16:11 | Investigar | Forging |
| 16:12 | Investigar | Forging |
| 16:12 | Encolar | Villager (Male) |
| 16:12 | Encolar | Villager (Male) |
| 16:13 | Encolar | Villager (Male) |
| 16:23 | Construir | House |
| 16:37 | Investigar | Castle Age |
| 16:44 | Construir | House |
| 16:51 | Construir | Palisade Wall |
| 16:58 | Encolar | Villager (Male) |
| 16:58 | Encolar | Villager (Male) |
| 17:03 | Encolar | Villager (Male) |
| 17:04 | Encolar | Villager (Male) |
| 17:09 | Encolar | Villager (Male) |
Cronología de la partida
| 8:49 | yanglegeyang · wall_segment Palisade Wall x1 |
| 8:50 | [Telo] ~ Shelo the murder · wall_segment Palisade Wall x3 |
| 10:10 | yanglegeyang · wall_segment Palisade Wall x1 |
| 10:10 | yanglegeyang · wall_segment Palisade Wall x1 |
| 10:11 | yanglegeyang · wall_segment Palisade Wall x1 |
| 10:11 | yanglegeyang · wall_segment Palisade Wall x1 |
| 10:12 | yanglegeyang · wall_segment Palisade Wall x2 |
| 10:12 | yanglegeyang · wall_segment Palisade Wall x1 |
| 10:19 | yanglegeyang · wall_segment Palisade Wall x1 |
| 10:21 | yanglegeyang · wall_segment Palisade Wall x1 |
| 13:13 | yanglegeyang · wall_segment Palisade Wall x2 |
| 13:17 | yanglegeyang · wall_segment Palisade Wall x4 |
| 13:19 | yanglegeyang · wall_segment Palisade Wall x11 |
| 13:30 | yanglegeyang · wall_segment Palisade Wall x5 |
| 13:31 | yanglegeyang · wall_segment Palisade Wall x10 |
| 13:40 | yanglegeyang · first_building Dock |
| 13:45 | [Telo] ~ Shelo the murder · wall_segment Palisade Wall x6 |
| 14:16 | yanglegeyang · wall_segment Palisade Wall x8 |
| 14:19 | yanglegeyang · wall_segment Palisade Wall x1 |
| 14:21 | [Telo] ~ Shelo the murder · age_up feudal |
| 14:26 | [Telo] ~ Shelo the murder · first_building Stable |
| 14:55 | yanglegeyang · age_up feudal |
| 15:32 | yanglegeyang · first_building Stable |
| 15:37 | yanglegeyang · wall_segment Palisade Wall x1 |
| 15:38 | yanglegeyang · wall_segment Palisade Wall x1 |
| 15:38 | yanglegeyang · wall_segment Palisade Wall x1 |
| 15:45 | [Telo] ~ Shelo the murder · wall_segment Palisade Wall x14 |
| 16:51 | yanglegeyang · wall_segment Palisade Wall x9 |
| 17:44 | [Telo] ~ Shelo the murder · wall_segment Palisade Wall x4 |
| 18:17 | [Telo] ~ Shelo the murder · age_up castle |
| 19:17 | yanglegeyang · age_up castle |
| 20:33 | yanglegeyang · first_building Monastery |
| 23:17 | yanglegeyang · first_building Barracks |
| 26:48 | [Telo] ~ Shelo the murder · first_building Siege Workshop |
| 26:55 | yanglegeyang · wall_segment Palisade Wall x1 |
| 27:31 | yanglegeyang · wall_segment Palisade Wall x1 |
| 27:48 | yanglegeyang · wall_segment Palisade Wall x1 |
| 30:07 | [Telo] ~ Shelo the murder · first_market_buy 100 wood |
| 30:46 | yanglegeyang · first_building Castle |
| 33:18 | [Telo] ~ Shelo the murder · wall_segment Stone Wall x6 |
| 34:17 | yanglegeyang · resign |
[ ANÁLISIS IA · 1 CRÉDITO ]
¿Qué pasó realmente en esta partida?
Wolo.gg analiza cada decisión: build order, eco, micro, errores típicos por bracket. Análisis personalizado por WhatsApp o Discord en 30 segundos.
Guía civ
Jemeres
Perfil
Jugador #3492172